 Dungeon Crawl Stone Soup version 0.18-a0-917-g8a3da5b (webtiles) character file.

95 M4edhros the Sneak (level 4, -2/28 HPs)
             Began as an Octopode Artificer on Dec 26, 2015.
             Slain by an orc
             ... wielding a +0 whip
              (3 damage)
             ... on level 4 of the Dungeon.
             The game lasted 00:01:25 (1004 turns).

M4edhros the Sneak (Octopode Artificer)             Turns: 1004, Time: 00:01:25

Health: -2/28      AC:  1    Str: 10    XL:     4   Next: 65%
Magic:  6/6        EV: 13    Int: 15    God:
Gold:   71         SH:  0    Dex: 12    Spells: 0 memorised, 3 levels left

rFire  . . .     SeeInvis .     a - +0 short sword
rCold  + . .     Gourm    .     (no shield)
rNeg   . . .     Faith    .     (helmet restricted)
rPois  .         Spirit   .     (no amulet)
rElec  .         Dismiss  .     e - ring of wizardry
rCorr  .         Reflect  .     g - ring of protection from cold
SustAt .         Harm     .     (no ring)
MR     .....                    (no ring)
Stlth  ++++......               (no ring)
                                (no ring)
                                (no ring)
                                (no ring)

@: not resistant to hostile enchantments, stealthy
A: almost no armour, amphibious, 8 rings, constrict 8, camouflage 1, gelatinous
body 1
a: no special abilities


You were on level 4 of the Dungeon.
You were not hungry.

You visited 1 branch of the dungeon, and saw 4 of its levels.

You collected 71 gold pieces.

Inventory:

Hand Weapons
 a - a +0 short sword (weapon)
Missiles
 k - 28 stones (quivered)
 n - 18 sling bullets
Jewellery
 e - a ring of wizardry (left tentacle)
 g - a ring of protection from cold (right tentacle)
Wands
 b - a wand of flame (6/48)
 c - a wand of enslavement (15/24)
 d - a wand of random effects (15/48)
Scrolls
 i - a scroll of teleportation {unknown}
 l - 2 scrolls of identify {unknown}
 m - a scroll of remove curse {unknown}
Potions
 j - a potion of degeneration {unknown}
Comestibles
 f - a bread ration
 h - 2 meat rations


   Skills:
 - Level 1.0 Fighting
 - Level 1.0 Short Blades
 * Level 3.5 Dodging
 * Level 4.0 Stealth
 + Level 3.7 Evocations


You had 3 spell levels left.
You didn't know any spells.

Dungeon Overview and Level Annotations

Branches:
Dungeon (4/15)
 Temple: D:4-7

Altars:
Ashenzari


Innate Abilities, Weirdness & Mutations

You cannot wear most types of armour.
You are amphibious.
You can wear up to eight rings at the same time.
You can use your tentacles to constrict eight enemies at once.
Your skin changes colour to match your surroundings (Stealth).
Your rubbery body absorbs attacks (AC +1).


Message History

Press: ? - help, Shift-Dir - straight line, f - orc
Aim: an orc, wielding a whip and wearing a chain mail The puff of flame hits the orc.
You kill the orc!
This wand has 8 charges left.
You constrict the hound.
You kill the hound!
Your Stealth skill increases to level 4!
Evoke which item? (* to show all) (? for menu, Esc to quit)
Zapping:
b - a wand of flame (8/48)
Press: ? - help, Shift-Dir - straight line, f/p - orc
Aim: an orc, wielding a whip and wearing a chain mail The puff of flame misses the orc.
This wand has 7 charges left.
The orc completely misses you.
Evoke which item? (* to show all) (? for menu, Esc to quit)
Zapping:
b - a wand of flame (7/48)
Press: ? - help, Shift-Dir - straight line, f/p - orc
Aim: an orc, wielding a whip and wearing a chain mail The puff of flame hits the orc.
The orc appears unharmed.
This wand has 6 charges left.
The orc hits you with a whip.
You die...

##.............
##............
#............
##...........
##........>.
#...!......
#.........#
###.#.......#
#.@..#.....##
......o#..##...##
.......##..###.#
#...... #..# ##
##..... .#.%#
#...... ..#
.##.... #.. ##..#
..#


You could see an orc.

Vanquished Creatures
  A hound (D:4)
  Natasha (twice) (D:3)
  An ooze (D:3)
  An adder skeleton (D:4)
  4 orcs (D:4)
  2 bats
  2 goblins (D:3)
  2 hobgoblins (D:1)
  A ball python (D:1)
  A giant newt (D:2)
  2 kobolds (D:3)
  3 rats (D:3)
22 creatures vanquished.

Vanquished Creatures (others)
  A rat (D:1)
1 creature vanquished.

Grand Total: 23 creatures vanquished

Notes
Turn   | Place    | Note
--------------------------------------------------------------
     0 | D:1      | M4edhros the Octopode Artificer began the quest for the Orb.
     0 | D:1      | Reached XP level 1. HP: 13/13 MP: 3/3
   132 | D:2      | Reached XP level 2. HP: 16/18 MP: 4/4
   542 | D:3      | Noticed Natasha
   549 | D:3      | Killed Natasha
   549 | D:3      | Reached XP level 3. HP: 6/23 MP: 5/5
   685 | D:3      | Noticed Natasha
   690 | D:3      | Killed Natasha
   966 | D:4      | Found a shattered altar of Ashenzari.
   992 | D:4      | Reached XP level 4. HP: 28/28 MP: 6/6
  1001 | D:4      | HP: 1/28 [orc/dagger (6)]
  1002 | D:4      | Reached skill level 4 in Stealth
  1004 | D:4      | Slain by an orc

Vault maps used:
D:1:      shiori_arrival_oz
D:2:      vehumet_crystals
D:3:      uniq_natasha
D:4:      kennysheep_little_box, temple_fountains

Action                   |  1- 3 |  4- 6 || total
-------------------------+-------+-------++-------
Melee: Short sword       |    32 |     9 ||    41
Evoke: Wand              |     6 |     3 ||     9
 Stab: Sleeping          |     7 |       ||     7
